 Dungeon Sprint DCSS version 0.31.0-12-g77e489cdc1 (webtiles) character file.

Game seed: 9507006159694199871

60 Minsecho the Slasher (level 4, 0/28 HPs)
             Began as a Tengu Reaver on Feb 18, 2024.
             Slain by a water elemental (10 damage)
             ... in the Dungeon (Sprint III: "The Ten Rune Challenge").
             The game lasted 00:02:12 (326 turns).

Minsecho the Slasher (Tengu Reaver)                  Turns: 326, Time: 00:02:13

Health: 0/28       AC:  3    Str: 16    XL:     4   Next: 6%
Magic:  7/9        EV: 12    Int: 12    God:
Gold:   43         SH:  0    Dex: 14    Spells: 5/8 levels left

rFire   . . .        a - +0 falchion
rCold   . . .        (no shield)
rNeg    . . .        b - +0 leather armour
rPois   .            (helmet restricted)
rElec   .            (no cloak)
rCorr   .            (no gloves)
SInv    .            (boots unavailable)
Will    .....        (no amulet)
Stlth   +            (no ring)
HPRegen 0.24/turn    (no ring)
MPRegen 0.11/turn

%: no teleportation, acrobat
@: very slightly contaminated, hasted, very quick
A: beak, talons 3, acrobatic, claws 1, strong 1
a: no special abilities


You were in the Dungeon.
You visited 1 branch You collected 43 gold pieces.

Inventory:

Hand Weapons
 a - a +0 falchion (weapon)
 i - a +0 sling
Armour
 b - a +0 leather armour (worn)
Scrolls
 h - a scroll of blinking
 k - a scroll of immolation
 l - a scroll of identify
 n - a scroll of poison {unknown}
Potions
 c - 2 potions of curing
 d - a potion of heal wounds
 f - 2 potions of magic
 g - a potion of berserk rage
 m - 3 potions of enlightenment


   Skills:
 * Level 3.4 Fighting
 * Level 6.3 Long Blades
 + Level 1.2 Ranged Weapons
 + Level 1.0 Armour
 + Level 2.8 Dodging
 + Level 2.7 Spellcasting
 + Level 6.2 Conjurations


You had 5 spell levels left.
You knew the following spells:

 Your Spells              Type           Power      Damage    Failure   Level
a - Kiss of Death         Conj/Necr      36%        2d8       9%          1
b - Momentum Strike       Conj/Tloc      18%        3d8       13%         2

Your spell library contained the following spells:

 Spells                   Type           Power      Damage    Failure   Level
 Hailstorm                Conj/Ice       9%         3d6       26%         3


Dungeon Overview and Level Annotations

Branches:
Dungeon (1/1)

Altars:


Innate Abilities, Weirdness & Mutations

You have a beak for a mouth.
You have claws for feet.
You can magically evade attacks while moving or waiting.
You have sharp fingernails.
Your muscles are strong. (Str +4, Int/Dex -1)


Message History

You feel vulnerable to heat.
Iridescent scales grow over part of your body.
You feel extremely strange.
You no longer feel vulnerable to heat.
Your iridescent scales disappear.
You feel stronger.
Your fingernails lengthen.
Unknown command.
There is an open door here.
You enter the shallow water.
Moving in this stuff is going to be slow.
You start memorising the spell.
You continue memorising. x2
You finish memorising.
Spell assigned to 'b'.
You open the door.
Casting: Kiss of Death (safe; 9% risk of failure)
Confirm with . or Enter, or press ? or * to list all spells.
Aiming: Momentum Strike (safe; 13% risk of failure)
Press: ? - help, Dir - move target, f - water elemental
Aim: a water elemental (81% to hit)
You miscast Momentum Strike.
You are very lightly contaminated with residual magic.
Nothing appears to happen.
You feel yourself speed up. The water elemental closely misses you.
You barely miss the water elemental. You peck the water elemental.
The water elemental is lightly damaged.
The water elemental closely misses you.
You barely miss the water elemental.
You claw the water elemental, but do no damage.
The water elemental is lightly damaged.
You hit the water elemental but do no damage.
You claw the water elemental! Your peck misses the water elemental.
The water elemental is moderately damaged.
The water elemental hits you.
You barely miss the water elemental. Your kick misses the water elemental.
Your peck misses the water elemental.
The water elemental is moderately damaged.
The water elemental hits you!
You hit the water elemental but do no damage.
You claw the water elemental. Your peck misses the water elemental.
The water elemental is heavily damaged.
The water elemental hits you!
You die...

▓▓▓▓▓▓▓▓▓▓▓▓ ▓▓▓
<.#..'.....♣♣ ♣.#
..#..#......♣ ♣.#
#†####.....♣♣ ♣.#
.....#....~♣ ♣.# #+#+#
.....#...~~♣♣♣♣♣.#......
.....#..~~~~♣..♣@E.⌠....
####)#..~≈≈~~~♣..#...###
.....#÷~~≈~~~....# ⌠.#
.....#.~≈~~~.....# .#
.....#.~~~.......# #
'#####...........#
........†........#
▓▓▓▓▓▓▓▓▓▓▓▓▓▓▓▓▓▓


You could see a water elemental.

Vanquished Creatures
  Jessica (D)
  A human (D)
  A wolf (D)
  3 rats (D)
6 creatures vanquished.

Notes
Turn   | Place    | Note
-------+----------+-------------------------------------------
     0 | D        | Minsecho the Tengu Reaver began the quest for the Orb.
     0 | D        | Reached XP level 1. HP: 12/12 MP: 4/4
    15 | D        | Noticed Jessica
    21 | D        | Killed Jessica
    22 | D        | Reached skill level 5 in Long Blades
    22 | D        | Reached skill level 5 in Conjurations
    22 | D        | Reached XP level 2. HP: 15/18 MP: 3/6
    22 | D        | Reached XP level 3. HP: 18/22 MP: 3/7
   156 | D        | Reached skill level 1 in Ranged Weapons
   156 | D        | Reached skill level 1 in Armour
   156 | D        | Reached XP level 4. HP: 6/28 MP: 6/9
   263 | D        | Noticed a water elemental
   296 | D        | Gained mutation: Your body sometimes deteriorates upon
                  | taking damage. [potion of mutation]
   297 | D        | Lost mutation: Your body sometimes deteriorates upon taking
                  | damage. [potion of mutation]
   297 | D        | Gained mutation: You possess an exceptional clarity of
                  | mind. [potion of mutation]
   297 | D        | Lost mutation: You possess an exceptional clarity of mind.
                  | [potion of mutation]
   297 | D        | Gained mutation: You are vulnerable to heat. (rF-) [potion
                  | of mutation]
   297 | D        | Gained mutation: You are partially covered in iridescent
                  | scales. (AC +2) [potion of mutation]
   298 | D        | Lost mutation: You are vulnerable to heat. (rF-) [potion of
                  | mutation]
   298 | D        | Lost mutation: You are partially covered in iridescent
                  | scales. (AC +2) [potion of mutation]
   298 | D        | Gained mutation: Your muscles are strong. (Str +4, Int/Dex
                  | -1) [potion of mutation]
   298 | D        | Gained mutation: You have sharp fingernails. [potion of
                  | mutation]
   319 | D        | Learned a level 2 spell: Momentum Strike
   326 | D        | Slain by a water elemental

Illustrated notes

Levels and vault maps discovered:
D:        dungeon_sprint_mu [sprint_mu_entry_forest, sprint_mu_temple_rooms,
          sprint_mu_d1_horrors, sprint_mu_d2_genie, sprint_mu_d3_branching,
          sprint_mu_orc_legion, sprint_mu_elf_gauntlet, sprint_mu_hive_nellie,
          sprint_mu_lair_fedhas, sprint_mu_vaults_butterflies,
          sprint_mu_slime_circle, sprint_mu_swamp_cave, sprint_mu_shoals_kraken,
          sprint_mu_blade_basic, sprint_mu_crypt_lich, sprint_mu_tomb_spiral,
          sprint_mu_vestibule_basic, sprint_mu_gehenna_hellfire,
          sprint_mu_dis_giant, sprint_mu_tartarus_statrot,
          sprint_mu_cocytus_islands, sprint_mu_zot1]

Skill      XL: |  1  2  3 |
---------------+----------+-----
Long Blades    | 5 6 |  6.3
Conjurations   | 5 6 |  6.2
Fighting       | 3 |  3.4
Ranged Weapons | 1 |  1.2
Armour         | 1 |  1.0
Dodging        | |  2.8
Spellcasting   | |  2.7

Action                     |  1- 3 |  4- 6 || total
---------------------------+-------+-------++-------
  Melee: Falchion          |    14 |     5 ||    19
         Peck              |     2 |     1 ||     3
         Kick              |     1 |     3 ||     4
   Fire: Sling             |     8 |       ||     8
   Cast: Kiss of Death     |     3 |       ||     3
    Use: Potion            |       |     4 ||     4
         Scroll            |       |     2 ||     2
 Armour: Leather armour    |    10 |     3 ||    13
  Dodge: Dodged            |     8 |     2 ||    10
